Rampage vs Crunch
Created - January 22, 2022 at 23:30
Goals
|
| Rampage |
0 |
1 |
1 |
2 |
| Crunch |
2 |
1 |
0 |
3 |
|
Shots
|
| Rampage |
6 |
9 |
20 |
35 |
| Crunch |
11 |
17 |
4 |
32 |
|
1st period
1. Crunch , Dylan Strome 3 (Jacob Larsson 3, Brock Boeser 22) at 17:30
2. Crunch , Kevin Fiala 3 (Noah Hanifin 14) at 18:37
Penalties :
Dylan Gambrell (San) for Cross-checking (Minor) at 8:46
2nd period
3. Crunch , Jacob Larsson 1 (Anatoli Golyshev 3, Charles-Olivier Roussel 5) at 2:36
4. Rampage , Petr Straka 7 (Collin Miller 7) at 3:29
Penalties :
Ryan Lomberg (San) for Close Hand On Puck (Minor) at 10:03
3rd period
5. Rampage , Tony DeAngelo 4 (Jack Roslovic 7, Brendan Lemieux 6) at 13:24 (PP)
Penalties :
Nicolas Aube-Kubel (Syr) for Boarding (Minor) at 5:15, Dalton Smith (Syr) for Holding (Minor) at 13:13
Goalie Stats
Elvis Merzlikins (San), 29 saves from 32 shots - (0.906), L, 9-6-2, 59:34 minutes
Kaapo Kahkonen (Syr), 33 saves from 35 shots - (0.943), W, 7-6-3, 60:00 minutes
Players Stats for Rampage
Player Name G A P +/- PIM S H SB GA TA FO MP PP MP PK MP
------------------------------------------------------------------------------------
Adam Clendening 0 0 0 0 0 1 0 0 0 0 0/0 17:13 0:00 1:58
Artturi Lehkonen 0 0 0 1 0 3 2 0 0 0 0/0 10:35 0:00 1:00
Brendan Lemieux 0 1 1 0 0 1 4 0 2 1 1/1 21:09 0:59 2:01
Collin Miller 0 1 1 0 0 2 0 2 0 1 0/0 14:45 1:08 2:00
Denis Gurianov 0 0 0 -3 0 5 1 0 0 0 0/0 16:02 1:11 0:00
Dylan Gambrell 0 0 0 1 2 0 0 0 0 0 2/3 9:34 0:00 0:00
Ethan Bear 0 0 0 -1 0 2 0 1 0 0 0/0 19:26 1:02 0:00
Jack Roslovic 0 1 1 0 0 2 3 0 1 1 11/26 21:20 0:59 2:04
Jean-Sebastien Dea 0 0 0 0 0 3 0 0 0 1 5/8 12:38 1:11 0:18
Jordan Greenway 0 0 0 0 0 1 1 1 0 0 0/0 11:20 0:00 0:03
Kevan Miller 0 0 0 -1 0 0 2 1 0 0 0/0 21:42 1:08 0:00
Martin Marincin 0 0 0 -1 0 0 0 2 0 0 0/0 22:46 0:00 1:58
Mathieu Joseph 0 0 0 0 0 2 3 0 0 0 0/0 12:03 0:00 0:54
Petr Straka 1 0 1 1 0 2 0 0 0 1 0/0 9:33 0:00 0:00
Ryan Lomberg 0 0 0 -3 2 5 1 0 1 0 0/1 16:09 1:11 0:00
T.J. Tynan 0 0 0 -3 0 3 2 0 0 1 5/10 16:29 0:00 1:36
Timo Meier 0 0 0 0 0 2 3 1 0 2 1/3 19:08 0:59 0:00
Tony DeAngelo 1 0 1 -1 0 1 0 0 0 0 0/0 24:08 1:02 2:00
Players Stats for Crunch
Player Name G A P +/- PIM S H SB GA TA FO MP PP MP PK MP
------------------------------------------------------------------------------------
Anatoli Golyshev 0 1 1 1 0 1 1 0 0 0 0/0 10:10 0:00 0:00
Brendan Guhle 0 0 0 -1 0 0 0 2 0 0 0/0 18:51 0:00 1:01
Brock Boeser 0 1 1 1 0 4 2 1 0 0 0/1 20:47 1:56 0:00
Charles-Olivier Roussel 0 1 1 2 0 0 1 1 0 0 0/0 14:02 0:00 0:00
Christoffer Ehn 0 0 0 0 0 1 2 1 1 0 7/15 19:04 1:44 1:19
Connor Bunnaman 0 0 0 0 0 0 0 0 0 0 2/3 10:04 0:06 0:00
Dalton Smith 0 0 0 0 2 3 2 0 0 0 0/1 10:48 0:00 0:51
Dylan Strome 1 0 1 1 0 3 0 0 0 0 15/28 20:10 1:56 0:31
Jacob Larsson 1 1 2 2 0 3 0 0 1 0 0/0 14:46 1:50 0:00
Jeremy Lauzon 0 0 0 -1 0 1 1 1 0 0 0/0 19:53 1:50 1:01
Jordan Oesterle 0 0 0 1 0 1 3 1 1 1 0/0 26:05 2:08 1:09
Kevin Fiala 1 0 1 0 0 3 4 0 0 0 1/1 10:27 0:29 0:00
Max McCormick 0 0 0 1 0 0 1 1 0 0 0/0 10:34 0:24 0:00
Mitch Callahan 0 0 0 1 0 3 3 0 1 0 0/1 10:10 0:00 0:00
Nicolas Aube-Kubel 0 0 0 0 2 1 2 0 0 1 0/0 16:34 1:42 0:00
Noah Hanifin 0 1 1 1 0 2 0 2 1 2 0/0 26:23 2:08 1:09
Teemu Hartikainen 0 0 0 0 0 2 2 2 2 0 0/0 16:54 1:42 0:20
William Nylander 0 0 0 1 0 4 0 0 1 0 2/2 22:06 1:55 1:19
3 Stars
1 - Jacob Larsson (Syr)
2 - Kaapo Kahkonen (Syr)
3 - Kevin Fiala (Syr)
Power Play
Rampage - 1 on 2 Attempt(s) - 50.00%
Crunch - 0 on 2 Attempt(s) - 0.00%
Penalty Kill
Rampage - 2 on 2 Attempt(s) - 100.00%
- Score 0 goal in Penalty Kill
Crunch - 1 on 2 Attempt(s) - 50.00%
- Score 0 goal in Penalty Kill
Team Stat
Rampage - Hits : 22 - Faceoff Wins : 25 - Blocked Shots : 8 - Penalty Minutes : 4
Crunch - Hits : 24 - Faceoff Wins : 27 - Blocked Shots : 12 - Penalty Minutes : 4
Official
Referees : Pierre Lambert and Steve Kozari
Linesman : Trent Knorr and Brad Kovachik
Game Notes
No Game Note
Finance
Level 1 -- Attendance: 1975 (98.75%) -- Ticket Income $69,125
Level 2 -- Attendance: 1000 (100.00%) -- Ticket Income $15,000
Total Attendance: 2975 (99.17%)
Total Ticket Income: $84,125
Other Income: $4,206
Total Income: $88,331
Rampage
5 vs 5 Forward
Center Left Wing Right Wing Time % Phy DF OF
1 Jack Roslovic Brendan Lemieux Timo Meier 40 1 2 2
2 T.J. Tynan Ryan Lomberg Denis Gurianov 30 1 2 2
3 Jean-Sebastien Dea Jordan Greenway Mathieu Joseph 20 1 2 2
4 Dylan Gambrell Artturi Lehkonen Petr Straka 10 1 2 2
5 vs 5 Defense
Defense Defense Time % Phy DF OF
1 Kevan Miller Tony DeAngelo 40 1 2 2
2 Martin Marincin Ethan Bear 30 1 2 2
3 Adam Clendening Collin Miller 20 1 2 2
4 Adam Clendening Martin Marincin 10 1 2 2
PowerPlay Forward
Center Left Wing Right Wing Time % Phy DF OF
1 Jack Roslovic Brendan Lemieux Timo Meier 60 1 2 2
2 Jean-Sebastien Dea Ryan Lomberg Denis Gurianov 40 1 2 2
PowerPlay Defense
Defense Defense Time % Phy DF OF
1 Ethan Bear Tony DeAngelo 60 1 2 2
2 Kevan Miller Collin Miller 40 1 2 2
Penalty Kill 4 Players Forward
Center Wing Time % Phy DF OF
1 Jack Roslovic Brendan Lemieux 60 1 2 2
2 T.J. Tynan Mathieu Joseph 40 1 2 2
Penalty Kill 4 Players Defense
Defense Defense Time % Phy DF OF
1 Martin Marincin Adam Clendening 60 1 2 2
2 Tony DeAngelo Collin Miller 40 1 2 2
Penalty Kill - 3 Players Forward
Forward Time % Phy DF OF
1 T.J. Tynan 60 1 2 2
2 Jack Roslovic 40 1 2 2
Penalty Kill - 3 Players Defense
Defense Defense Time % Phy DF OF
1 Martin Marincin Tony DeAngelo 60 1 2 2
2 Adam Clendening Collin Miller 40 1 2 2
4 vs 4 Forward
Center Wing Time % Phy DF OF
1 Jean-Sebastien Dea Petr Straka 60 1 2 2
2 T.J. Tynan Timo Meier 40 1 2 2
4 vs 4 Defense
Defense Defense Time % Phy DF OF
1 Martin Marincin Tony DeAngelo 60 1 2 2
2 Adam Clendening Collin Miller 40 1 2 2
Last Minutes Offensive
Center Left Wing Right Wing Defense Defense
Jack Roslovic Brendan Lemieux Timo Meier Ethan Bear Tony DeAngelo
Last Minutes Defensive
Center Left Wing Right Wing Defense Defense
T.J. Tynan Brendan Lemieux Mathieu Joseph Martin Marincin Adam Clendening
Goaltenders
Starting : Elvis Merzlikins
Backup : Brandon Halverson
Extra Forwards
Normal : Mathieu Joseph, Jack Roslovic, T.J. Tynan - PP : Mathieu Joseph, Ryan Lomberg - PK : Jack Roslovic
Extra Defensemen
Normal : Kevan Miller, Ethan Bear, Adam Clendening - PP : Kevan Miller - PK : Ethan Bear, Adam Clendening
Penalty Shots
Jack Roslovic, Petr Straka, T.J. Tynan, Jean-Sebastien Dea, Timo Meier
Scratches
Dylan Sikura (Healthy), Jacob De La Rose (Sports Hernia Injury), Nikita Nesterov (Healthy), Roland McKeown (Separated Left Shoulder Injury), Scott Wilson (Healthy)
Nicholas Caamano (Healthy), Eamon McAdam (Healthy)
Crunch
5 vs 5 Forward
Center Left Wing Right Wing Time % Phy DF OF
1 Dylan Strome William Nylander Brock Boeser 40 1 2 2
2 Christoffer Ehn Teemu Hartikainen Nicolas Aube-Kubel 30 1 2 2
3 Connor Bunnaman Dalton Smith Kevin Fiala 20 1 2 2
4 Max McCormick Anatoli Golyshev Mitch Callahan 10 1 2 2
5 vs 5 Defense
Defense Defense Time % Phy DF OF
1 Jordan Oesterle Noah Hanifin 40 1 2 2
2 Jeremy Lauzon Brendan Guhle 30 1 2 2
3 Jacob Larsson Charles-Olivier Roussel 20 1 2 2
4 Jordan Oesterle Noah Hanifin 10 1 2 2
PowerPlay Forward
Center Left Wing Right Wing Time % Phy DF OF
1 Dylan Strome William Nylander Brock Boeser 60 1 1 3
2 Christoffer Ehn Teemu Hartikainen Nicolas Aube-Kubel 40 1 2 2
PowerPlay Defense
Defense Defense Time % Phy DF OF
1 Jordan Oesterle Noah Hanifin 60 1 1 3
2 Jeremy Lauzon Jacob Larsson 40 1 2 2
Penalty Kill 4 Players Forward
Center Wing Time % Phy DF OF
1 Christoffer Ehn William Nylander 60 1 2 2
2 Teemu Hartikainen Nicolas Aube-Kubel 40 1 2 2
Penalty Kill 4 Players Defense
Defense Defense Time % Phy DF OF
1 Jordan Oesterle Noah Hanifin 60 1 2 2
2 Jeremy Lauzon Brendan Guhle 40 1 2 2
Penalty Kill - 3 Players Forward
Forward Time % Phy DF OF
1 Christoffer Ehn 60 1 2 2
2 Teemu Hartikainen 40 1 2 2
Penalty Kill - 3 Players Defense
Defense Defense Time % Phy DF OF
1 Jordan Oesterle Noah Hanifin 60 1 2 2
2 Jeremy Lauzon Brendan Guhle 40 1 2 2
4 vs 4 Forward
Center Wing Time % Phy DF OF
1 Dylan Strome William Nylander 60 1 2 2
2 Christoffer Ehn Brock Boeser 40 1 2 2
4 vs 4 Defense
Defense Defense Time % Phy DF OF
1 Jordan Oesterle Noah Hanifin 60 1 2 2
2 Jeremy Lauzon Brendan Guhle 40 1 2 2
Last Minutes Offensive
Center Left Wing Right Wing Defense Defense
Dylan Strome William Nylander Brock Boeser Jordan Oesterle Noah Hanifin
Last Minutes Defensive
Center Left Wing Right Wing Defense Defense
Christoffer Ehn William Nylander Brock Boeser Jordan Oesterle Noah Hanifin
Goaltenders
Starting : Kaapo Kahkonen
Backup : Josef Korenar
Extra Forwards
Normal : Max McCormick, Kevin Fiala, Dalton Smith - PP : Max McCormick, Kevin Fiala - PK : Dalton Smith
Extra Defensemen
Normal : Jacob Larsson, Noah Hanifin, Jeremy Lauzon - PP : Jacob Larsson - PK : Noah Hanifin, Jeremy Lauzon
Penalty Shots
William Nylander, Teemu Hartikainen, Brock Boeser, Nicolas Aube-Kubel, Christoffer Ehn
Scratches
Anthony Cirelli (Separated Right Shoulder Injury), Kyle Capobianco (Healthy), Michael Downing (Bruised Right Foot Injury), Sean Walker (Broken Left Index Finger Injury)
% Time on Ice - Rampage
Lines # - Real PCT - Wanted PCT - Time Play
Normal Forward
1 - 33% - 40% - 17:15
2 - 28% - 30% - 14:51
3 - 21% - 20% - 11:09
4 - 18% - 10% - 9:33
Normal Defense
1 - 39% - 40% - 20:36
2 - 32% - 30% - 16:47
3 - 21% - 20% - 11:09
4 - 8% - 10% - 4:16
PP Forward
1 - 45% - 60% - 0:59
2 - 55% - 40% - 1:11
PP Defense
1 - 48% - 60% - 1:02
2 - 52% - 40% - 1:08
PK Forward
1 - 77% - 60% - 3:04
2 - 23% - 40% - 0:54
PK Defense
1 - 50% - 60% - 1:58
2 - 50% - 40% - 2:00
PK3 Forward
1 - 0% - 60%
2 - 0% - 40%
PK3 Defense
1 - 0% - 60%
2 - 0% - 40%
44 Forward
1 - 0% - 60%
2 - 0% - 40%
44 Defense
1 - 0% - 60%
2 - 0% - 40%
Last Minute Offensive - 1:04
Last Minute Defensive - 0:00
Total
Forward - 60:00
Defense - 60:00
|
% Time on Ice - Crunch
Lines # - Real PCT - Wanted PCT - Time Play
Normal Forward
1 - 34% - 40% - 17:44
2 - 28% - 30% - 14:52
3 - 19% - 20% - 9:58
4 - 19% - 10% - 10:10
Normal Defense
1 - 37% - 40% - 19:23
2 - 34% - 30% - 17:58
3 - 26% - 20% - 13:42
4 - 3% - 10% - 1:41
PP Forward
1 - 53% - 60% - 2:05
2 - 47% - 40% - 1:53
PP Defense
1 - 54% - 60% - 2:08
2 - 46% - 40% - 1:50
PK Forward
1 - 85% - 60% - 1:50
2 - 15% - 40% - 0:20
PK Defense
1 - 53% - 60% - 1:09
2 - 47% - 40% - 1:01
PK3 Forward
1 - 0% - 60%
2 - 0% - 40%
PK3 Defense
1 - 0% - 60%
2 - 0% - 40%
44 Forward
1 - 0% - 60%
2 - 0% - 40%
44 Defense
1 - 0% - 60%
2 - 0% - 40%
Last Minute Offensive - 0:00
Last Minute Defensive - 1:08
Total
Forward - 60:00
Defense - 60:00
|
Play-by-Play
1st period
0:01 of 1st period - Dylan Strome wins face-off versus Jack Roslovic in neutral zone.
0:08 of 1st period - Snap shot by Dylan Strome.
0:08 of 1st period - Stopped by Elvis Merzlikins without a rebound.
0:09 of 1st period - Jack Roslovic wins face-off versus Dylan Strome in Rampage zone.
0:37 of 1st period - Jack Roslovic is hit by Brock Boeser and loses puck.
1:02 of 1st period - Wrist shot by Brock Boeser.
1:02 of 1st period - Stopped by Elvis Merzlikins without a rebound.
1:03 of 1st period - Christoffer Ehn wins face-off versus T.J. Tynan in Rampage zone.
1:28 of 1st period - Brendan Guhle is hit by Mathieu Joseph and loses puck.
2:11 of 1st period - Snap shot by Mitch Callahan.
2:11 of 1st period - Stopped by Elvis Merzlikins with a rebound.
2:13 of 1st period - Wrist shot by Christoffer Ehn.
2:13 of 1st period - Stopped by Elvis Merzlikins without a rebound.
2:14 of 1st period - Christoffer Ehn wins face-off versus Jean-Sebastien Dea in Rampage zone.
3:45 of 1st period - Slapshot by Kevin Fiala.
3:45 of 1st period - Deflect By Dalton Smith.
3:45 of 1st period - Stopped by Elvis Merzlikins with a rebound.
4:45 of 1st period - Timo Meier is hit by Dalton Smith and loses puck.
4:52 of 1st period - Snap shot by Jack Roslovic.
4:52 of 1st period - Stopped by Kaapo Kahkonen with a rebound.
5:20 of 1st period - Wrist shot by Jordan Greenway.
5:20 of 1st period - Deflect By Mathieu Joseph.
5:20 of 1st period - Shot Blocked by Charles-Olivier Roussel.
5:20 of 1st period - Puck is out of play.
5:21 of 1st period - Jean-Sebastien Dea wins face-off versus Dylan Strome in Crunch zone.
5:48 of 1st period - Jacob Larsson is hit by Timo Meier and loses puck.
6:09 of 1st period - Slapshot by Ryan Lomberg.
6:09 of 1st period - Stopped by Kaapo Kahkonen with a rebound.
6:11 of 1st period - Slapshot by Kevan Miller.
6:11 of 1st period - Shot Misses the Net.
6:13 of 1st period - Slapshot by Kevan Miller.
6:13 of 1st period - Shot Blocked by Max McCormick.
6:57 of 1st period - Snap shot by Teemu Hartikainen.
6:57 of 1st period - Shot Blocked by Martin Marincin.
7:23 of 1st period - Icing by Timo Meier.
7:24 of 1st period - Dylan Strome wins face-off versus Jack Roslovic in Rampage zone.
7:54 of 1st period - Teemu Hartikainen is hit by Ryan Lomberg and loses puck.
8:40 of 1st period - Slapshot by Brock Boeser.
8:40 of 1st period - Shot Misses the Net.
8:46 of 1st period - Minor Penalty to Dylan Gambrell for Cross-checking.
8:47 of 1st period - Dylan Strome wins face-off versus Jack Roslovic in Rampage zone.
9:04 of 1st period - Brock Boeser is hit by Jack Roslovic and loses puck.
9:29 of 1st period - T.J. Tynan is hit by Teemu Hartikainen and loses puck.
10:04 of 1st period - Wrist shot by T.J. Tynan.
10:04 of 1st period - Stopped by Kaapo Kahkonen with a rebound.
10:26 of 1st period - Dylan Strome is hit by Jack Roslovic and loses puck.
10:33 of 1st period - Brock Boeser is hit by Jack Roslovic.
10:46 of 1st period - Penalty to Dylan Gambrell is over, Dylan Gambrell is back on ice.
11:04 of 1st period - Jordan Greenway is hit by Kevin Fiala and loses puck.
11:18 of 1st period - Icing by Kevin Fiala.
11:19 of 1st period - Dylan Gambrell wins face-off versus Mitch Callahan in Crunch zone.
11:22 of 1st period - Slapshot by Petr Straka.
11:22 of 1st period - Shot Misses the Net.
11:48 of 1st period - Brendan Guhle is hit by Kevan Miller and loses puck.
12:26 of 1st period - Jean-Sebastien Dea is hit by Brock Boeser and loses puck.
12:37 of 1st period - Snap shot by Dalton Smith.
12:37 of 1st period - Deflect By Kevin Fiala.
12:37 of 1st period - Shot Misses the Net.
12:37 of 1st period - Puck is out of play.
12:38 of 1st period - Connor Bunnaman wins face-off versus Jack Roslovic in Rampage zone.
13:04 of 1st period - Brock Boeser is hit by T.J. Tynan and loses puck.
13:11 of 1st period - Snap shot by Ryan Lomberg.
13:11 of 1st period - Stopped by Kaapo Kahkonen with a rebound.
13:13 of 1st period - Snap shot by T.J. Tynan.
13:13 of 1st period - Shot Misses the Net.
13:50 of 1st period - Collin Miller is hit by Mitch Callahan and loses puck.
14:07 of 1st period - Slapshot by Denis Gurianov.
14:07 of 1st period - Shot Misses the Net.
14:31 of 1st period - Wrist shot by Mathieu Joseph.
14:31 of 1st period - Stopped by Kaapo Kahkonen without a rebound.
14:32 of 1st period - T.J. Tynan wins face-off versus Dylan Strome in Crunch zone.
15:04 of 1st period - Ethan Bear is hit by Nicolas Aube-Kubel and loses puck.
15:27 of 1st period - Jack Roslovic is hit by Max McCormick and loses puck.
15:36 of 1st period - Mitch Callahan is hit by Timo Meier and loses puck.
15:47 of 1st period - Martin Marincin is hit by Anatoli Golyshev and loses puck.
16:17 of 1st period - Jack Roslovic is hit by Mitch Callahan and loses puck.
16:24 of 1st period - Timo Meier is hit by Jordan Oesterle and loses puck.
16:39 of 1st period - Slapshot by Jack Roslovic.
16:39 of 1st period - Shot Misses the Net.
17:14 of 1st period - Wrist shot by Mitch Callahan.
17:14 of 1st period - Stopped by Elvis Merzlikins without a rebound.
17:15 of 1st period - Dylan Strome wins face-off versus T.J. Tynan in Rampage zone.
17:22 of 1st period - Wrist shot by William Nylander.
17:22 of 1st period - Shot Misses the Net.
17:24 of 1st period - Slapshot by Brock Boeser.
17:24 of 1st period - Stopped by Elvis Merzlikins without a rebound.
17:25 of 1st period - William Nylander wins face-off versus T.J. Tynan in Rampage zone.
17:26 of 1st period - Wrist shot by Brock Boeser.
17:26 of 1st period - Stopped by Elvis Merzlikins with a rebound.
17:28 of 1st period - Slapshot by Jacob Larsson.
17:28 of 1st period - Stopped by Elvis Merzlikins with a rebound.
17:30 of 1st period - Wrist shot by Dylan Strome.
17:30 of 1st period - Goal by Dylan Strome - Rampage : 0 - Crunch : 1.
17:31 of 1st period - Dylan Strome wins face-off versus T.J. Tynan in neutral zone.
18:16 of 1st period - Jordan Oesterle is hit by Artturi Lehkonen and loses puck.
18:25 of 1st period - Snap shot by Petr Straka.
18:25 of 1st period - Stopped by Kaapo Kahkonen with a rebound.
18:37 of 1st period - Wrist shot by Kevin Fiala.
18:37 of 1st period - Goal by Kevin Fiala - Rampage : 0 - Crunch : 2.
18:38 of 1st period - T.J. Tynan wins face-off versus Dylan Strome in neutral zone.
18:43 of 1st period - Slapshot by T.J. Tynan.
18:43 of 1st period - Shot Misses the Net.
19:28 of 1st period - Wrist shot by Kevin Fiala.
19:28 of 1st period - Shot Blocked by Martin Marincin.
19:30 of 1st period - Slapshot by Jeremy Lauzon.
19:30 of 1st period - Shot Blocked by Ethan Bear.
Goals for this period are 0 for Rampage vs 2 for Crunch.
Shots for this period are 6 for Rampage vs 11 for Crunch.
2nd period
0:01 of 2nd period - Dylan Strome wins face-off versus Ryan Lomberg in neutral zone.
0:12 of 2nd period - Snap shot by William Nylander.
0:12 of 2nd period - Stopped by Elvis Merzlikins without a rebound.
0:13 of 2nd period - Jack Roslovic wins face-off versus Dylan Strome in Rampage zone.
0:45 of 2nd period - Snap shot by T.J. Tynan.
0:45 of 2nd period - Shot Blocked by Teemu Hartikainen.
1:20 of 2nd period - Jacob Larsson is hit by Artturi Lehkonen and loses puck.
2:00 of 2nd period - Wrist shot by Anatoli Golyshev.
2:00 of 2nd period - Stopped by Elvis Merzlikins with a rebound.
2:06 of 2nd period - Slapshot by Mitch Callahan.
2:06 of 2nd period - Shot Misses the Net.
2:28 of 2nd period - Snap shot by Anatoli Golyshev.
2:28 of 2nd period - Shot Misses the Net.
2:30 of 2nd period - Slapshot by Jacob Larsson.
2:30 of 2nd period - Stopped by Elvis Merzlikins with a rebound.
2:34 of 2nd period - Wrist shot by Anatoli Golyshev.
2:34 of 2nd period - Shot Misses the Net.
2:36 of 2nd period - Slapshot by Jacob Larsson.
2:36 of 2nd period - Goal by Jacob Larsson - Rampage : 0 - Crunch : 3.
2:37 of 2nd period - Dylan Strome wins face-off versus Jack Roslovic in neutral zone.
2:42 of 2nd period - Slapshot by Dylan Strome.
2:42 of 2nd period - Shot Misses the Net.
2:44 of 2nd period - Slapshot by Noah Hanifin.
2:44 of 2nd period - Shot Blocked by Kevan Miller.
2:46 of 2nd period - Snap shot by Noah Hanifin.
2:46 of 2nd period - Stopped by Elvis Merzlikins with a rebound.
2:52 of 2nd period - Wrist shot by William Nylander.
2:52 of 2nd period - Stopped by Elvis Merzlikins with a rebound.
3:02 of 2nd period - Mathieu Joseph is hit by Nicolas Aube-Kubel and loses puck.
3:09 of 2nd period - Snap shot by Nicolas Aube-Kubel.
3:09 of 2nd period - Shot Misses the Net.
3:27 of 2nd period - Snap shot by Petr Straka.
3:27 of 2nd period - Shot Misses the Net.
3:29 of 2nd period - Slapshot by Petr Straka.
3:29 of 2nd period - Goal by Petr Straka - Rampage : 1 - Crunch : 3.
3:30 of 2nd period - Dylan Strome wins face-off versus Timo Meier in neutral zone.
3:33 of 2nd period - Wrist shot by Brock Boeser.
3:33 of 2nd period - Shot Blocked by Timo Meier.
3:35 of 2nd period - Snap shot by Jordan Oesterle.
3:35 of 2nd period - Stopped by Elvis Merzlikins without a rebound.
3:36 of 2nd period - Timo Meier wins face-off versus Dylan Strome in Rampage zone.
4:05 of 2nd period - Wrist shot by Ryan Lomberg.
4:05 of 2nd period - Shot Misses the Net.
4:07 of 2nd period - Wrist shot by Denis Gurianov.
4:07 of 2nd period - Shot Misses the Net.
4:09 of 2nd period - Wrist shot by Denis Gurianov.
4:09 of 2nd period - Stopped by Kaapo Kahkonen without a rebound.
4:10 of 2nd period - T.J. Tynan wins face-off versus Dylan Strome in Crunch zone.
4:13 of 2nd period - Wrist shot by Denis Gurianov.
4:13 of 2nd period - Stopped by Kaapo Kahkonen with a rebound.
4:15 of 2nd period - Slapshot by Collin Miller.
4:15 of 2nd period - Shot Blocked by Brock Boeser.
4:17 of 2nd period - Wrist shot by T.J. Tynan.
4:17 of 2nd period - Shot Misses the Net.
4:19 of 2nd period - Slapshot by Collin Miller.
4:19 of 2nd period - Shot Misses the Net.
4:21 of 2nd period - Slapshot by Collin Miller.
4:21 of 2nd period - Stopped by Kaapo Kahkonen without a rebound.
4:22 of 2nd period - William Nylander wins face-off versus Jack Roslovic in Crunch zone.
4:22 of 2nd period - William Nylander is hit by Brendan Lemieux.
4:34 of 2nd period - Brendan Lemieux is hit by Jordan Oesterle and loses puck.
4:51 of 2nd period - Off-side.
4:52 of 2nd period - T.J. Tynan wins face-off versus Christoffer Ehn in neutral zone.
5:25 of 2nd period - Snap shot by Jack Roslovic.
5:25 of 2nd period - Stopped by Kaapo Kahkonen with a rebound.
5:27 of 2nd period - Snap shot by Ethan Bear.
5:27 of 2nd period - Stopped by Kaapo Kahkonen with a rebound.
5:29 of 2nd period - Wrist shot by Brendan Lemieux.
5:29 of 2nd period - Deflect By Timo Meier.
5:29 of 2nd period - Shot Misses the Net.
5:29 of 2nd period - Puck is out of play.
5:30 of 2nd period - Jean-Sebastien Dea wins face-off versus Christoffer Ehn in Crunch zone.
5:41 of 2nd period - Snap shot by Mathieu Joseph.
5:41 of 2nd period - Shot Misses the Net.
6:17 of 2nd period - Wrist shot by Kevin Fiala.
6:17 of 2nd period - Stopped by Elvis Merzlikins without a rebound.
6:18 of 2nd period - Kevin Fiala wins face-off versus T.J. Tynan in Rampage zone.
6:19 of 2nd period - Wrist shot by Jeremy Lauzon.
6:19 of 2nd period - Stopped by Elvis Merzlikins with a rebound.
6:21 of 2nd period - Slapshot by Kevin Fiala.
6:21 of 2nd period - Shot Misses the Net.
6:23 of 2nd period - Backhand shot by Dalton Smith.
6:23 of 2nd period - Stopped by Elvis Merzlikins with a rebound.
6:25 of 2nd period - Snap shot by Dalton Smith.
6:25 of 2nd period - Stopped by Elvis Merzlikins with a rebound.
6:29 of 2nd period - Snap shot by Kevin Fiala.
6:29 of 2nd period - Deflect By Dalton Smith.
6:29 of 2nd period - Shot Blocked by Collin Miller.
6:29 of 2nd period - Puck is out of play.
6:30 of 2nd period - Jack Roslovic wins face-off versus Dylan Strome in Rampage zone.
7:48 of 2nd period - Wrist shot by Denis Gurianov.
7:48 of 2nd period - Shot Blocked by Noah Hanifin.
7:54 of 2nd period - Snap shot by T.J. Tynan.
7:54 of 2nd period - Shot Misses the Net.
7:56 of 2nd period - Slapshot by Martin Marincin.
7:56 of 2nd period - Shot Blocked by Jordan Oesterle.
7:58 of 2nd period - Snap shot by Ryan Lomberg.
7:58 of 2nd period - Stopped by Kaapo Kahkonen without a rebound.
7:59 of 2nd period - Dylan Strome wins face-off versus Jack Roslovic in Crunch zone.
8:10 of 2nd period - William Nylander is hit by Kevan Miller and loses puck.
9:20 of 2nd period - Wrist shot by Dylan Strome.
9:20 of 2nd period - Stopped by Elvis Merzlikins with a rebound.
9:22 of 2nd period - Wrist shot by William Nylander.
9:22 of 2nd period - Stopped by Elvis Merzlikins without a rebound.
9:23 of 2nd period - Christoffer Ehn wins face-off versus Jack Roslovic in Rampage zone.
10:03 of 2nd period - Minor Penalty to Ryan Lomberg for Close Hand On Puck.
10:04 of 2nd period - Christoffer Ehn wins face-off versus Jack Roslovic in Rampage zone.
10:04 of 2nd period - Wrist shot by Teemu Hartikainen.
10:04 of 2nd period - Shot Blocked by Collin Miller.
10:14 of 2nd period - Jordan Oesterle is hit by Brendan Lemieux and loses puck.
12:03 of 2nd period - Penalty to Ryan Lomberg is over, Ryan Lomberg is back on ice.
14:03 of 2nd period - Icing by Adam Clendening.
14:04 of 2nd period - Jean-Sebastien Dea wins face-off versus Connor Bunnaman in Rampage zone.
14:04 of 2nd period - Jean-Sebastien Dea is hit by Charles-Olivier Roussel.
14:26 of 2nd period - Nicolas Aube-Kubel is hit by Timo Meier and loses puck.
15:53 of 2nd period - Martin Marincin is hit by Teemu Hartikainen and loses puck.
16:20 of 2nd period - Ryan Lomberg is hit by Kevin Fiala.
16:56 of 2nd period - Snap shot by Teemu Hartikainen.
16:56 of 2nd period - Stopped by Elvis Merzlikins without a rebound.
16:57 of 2nd period - Jack Roslovic wins face-off versus Dalton Smith in Rampage zone.
17:12 of 2nd period - Slapshot by Timo Meier.
17:12 of 2nd period - Stopped by Kaapo Kahkonen with a rebound.
17:24 of 2nd period - Ryan Lomberg is hit by Christoffer Ehn and loses puck.
17:50 of 2nd period - Snap shot by T.J. Tynan.
17:50 of 2nd period - Deflect By Denis Gurianov.
17:50 of 2nd period - Shot Misses the Net.
17:50 of 2nd period - Puck is out of play.
17:51 of 2nd period - Dylan Strome wins face-off versus Jack Roslovic in Crunch zone.
17:51 of 2nd period - Dylan Strome is hit by Brendan Lemieux.
18:23 of 2nd period - Wrist shot by Artturi Lehkonen.
18:23 of 2nd period - Stopped by Kaapo Kahkonen without a rebound.
18:24 of 2nd period - Dylan Gambrell wins face-off versus Christoffer Ehn in Crunch zone.
18:31 of 2nd period - Slapshot by Noah Hanifin.
18:31 of 2nd period - Stopped by Elvis Merzlikins with a rebound.
18:33 of 2nd period - Snap shot by Teemu Hartikainen.
18:33 of 2nd period - Deflect By Ethan Bear.
18:33 of 2nd period - Stopped by Elvis Merzlikins without a rebound.
18:34 of 2nd period - Christoffer Ehn wins face-off versus Jack Roslovic in Rampage zone.
18:37 of 2nd period - Wrist shot by Teemu Hartikainen.
18:37 of 2nd period - Shot Misses the Net.
18:39 of 2nd period - Snap shot by Nicolas Aube-Kubel.
18:39 of 2nd period - Stopped by Elvis Merzlikins without a rebound.
18:40 of 2nd period - Jack Roslovic wins face-off versus Dylan Strome in Rampage zone.
19:04 of 2nd period - Off-side.
19:05 of 2nd period - T.J. Tynan wins face-off versus Christoffer Ehn in neutral zone.
19:30 of 2nd period - Brendan Guhle is hit by Mathieu Joseph and loses puck.
Goals for this period are 1 for Rampage vs 1 for Crunch.
Shots for this period are 9 for Rampage vs 17 for Crunch.
3rd period
0:01 of 3rd period - Jack Roslovic wins face-off versus Dylan Strome in neutral zone.
0:26 of 3rd period - Denis Gurianov is hit by Jordan Oesterle and loses puck.
0:35 of 3rd period - Wrist shot by T.J. Tynan.
0:35 of 3rd period - Stopped by Kaapo Kahkonen with a rebound.
0:55 of 3rd period - Noah Hanifin is hit by Jordan Greenway and loses puck.
1:16 of 3rd period - Slapshot by Jack Roslovic.
1:16 of 3rd period - Shot Misses the Net.
1:18 of 3rd period - Slapshot by Collin Miller.
1:18 of 3rd period - Stopped by Kaapo Kahkonen with a rebound.
1:52 of 3rd period - Wrist shot by Denis Gurianov.
1:52 of 3rd period - Stopped by Kaapo Kahkonen with a rebound.
1:54 of 3rd period - Slapshot by Adam Clendening.
1:54 of 3rd period - Deflect By Denis Gurianov.
1:54 of 3rd period - Stopped by Kaapo Kahkonen with a rebound.
1:56 of 3rd period - Snap shot by Adam Clendening.
1:56 of 3rd period - Deflect By Brendan Guhle.
1:56 of 3rd period - Stopped by Kaapo Kahkonen with a rebound.
1:58 of 3rd period - Slapshot by Denis Gurianov.
1:58 of 3rd period - Deflect By T.J. Tynan.
1:58 of 3rd period - Shot Misses the Net.
1:58 of 3rd period - Puck is out of play.
1:59 of 3rd period - Jack Roslovic wins face-off versus Dylan Strome in Crunch zone.
2:06 of 3rd period - Wrist shot by Brendan Lemieux.
2:06 of 3rd period - Shot Blocked by Jeremy Lauzon.
2:08 of 3rd period - Snap shot by Timo Meier.
2:08 of 3rd period - Stopped by Kaapo Kahkonen with a rebound.
2:24 of 3rd period - Nicolas Aube-Kubel is hit by Denis Gurianov and loses puck.
2:53 of 3rd period - Jordan Greenway is hit by Dalton Smith and loses puck.
3:16 of 3rd period - Slapshot by Martin Marincin.
3:16 of 3rd period - Shot Blocked by Brendan Guhle.
3:26 of 3rd period - Artturi Lehkonen is hit by Jeremy Lauzon and loses puck.
4:31 of 3rd period - Snap shot by Brendan Lemieux.
4:31 of 3rd period - Stopped by Kaapo Kahkonen without a rebound.
4:32 of 3rd period - Dylan Strome wins face-off versus Jack Roslovic in Crunch zone.
5:09 of 3rd period - Slapshot by T.J. Tynan.
5:09 of 3rd period - Shot Misses the Net.
5:15 of 3rd period - Minor Penalty to Nicolas Aube-Kubel for Boarding.
5:16 of 3rd period - Jack Roslovic wins face-off versus Christoffer Ehn in Crunch zone.
5:25 of 3rd period - Tony DeAngelo is hit by Christoffer Ehn and loses puck.
5:48 of 3rd period - Backhand shot by Denis Gurianov.
5:48 of 3rd period - Shot Blocked by Christoffer Ehn.
5:50 of 3rd period - Slapshot by Kevan Miller.
5:50 of 3rd period - Deflect By Denis Gurianov.
5:50 of 3rd period - Stopped by Kaapo Kahkonen with a rebound.
5:52 of 3rd period - Slapshot by Jean-Sebastien Dea.
5:52 of 3rd period - Stopped by Kaapo Kahkonen without a rebound.
5:53 of 3rd period - Jean-Sebastien Dea wins face-off versus Christoffer Ehn in Crunch zone.
6:08 of 3rd period - Slapshot by Ryan Lomberg.
6:08 of 3rd period - Stopped by Kaapo Kahkonen with a rebound.
6:10 of 3rd period - Slapshot by Collin Miller.
6:10 of 3rd period - Shot Blocked by Noah Hanifin.
6:12 of 3rd period - Slapshot by Kevan Miller.
6:12 of 3rd period - Shot Misses the Net.
6:14 of 3rd period - Snap shot by Jean-Sebastien Dea.
6:14 of 3rd period - Stopped by Kaapo Kahkonen with a rebound.
6:48 of 3rd period - Wrist shot by Ryan Lomberg.
6:48 of 3rd period - Stopped by Kaapo Kahkonen with a rebound.
6:50 of 3rd period - Snap shot by Jean-Sebastien Dea.
6:50 of 3rd period - Stopped by Kaapo Kahkonen without a rebound.
6:51 of 3rd period - Jack Roslovic wins face-off versus Dylan Strome in Crunch zone.
7:02 of 3rd period - Snap shot by Jack Roslovic.
7:02 of 3rd period - Shot Blocked by Brendan Guhle.
7:15 of 3rd period - Penalty to Nicolas Aube-Kubel is over, Nicolas Aube-Kubel is back on ice.
8:15 of 3rd period - Ryan Lomberg is hit by Mitch Callahan and loses puck.
8:52 of 3rd period - Jeremy Lauzon is hit by Mathieu Joseph and loses puck.
9:14 of 3rd period - Snap shot by T.J. Tynan.
9:14 of 3rd period - Stopped by Kaapo Kahkonen with a rebound.
9:28 of 3rd period - Slapshot by Brendan Guhle.
9:28 of 3rd period - Deflect By Christoffer Ehn.
9:28 of 3rd period - Shot Blocked by Jordan Greenway.
9:28 of 3rd period - Puck is out of play.
9:29 of 3rd period - Christoffer Ehn wins face-off versus Jean-Sebastien Dea in Rampage zone.
9:36 of 3rd period - Snap shot by Jordan Greenway.
9:36 of 3rd period - Shot Blocked by Teemu Hartikainen.
9:40 of 3rd period - Wrist shot by Mathieu Joseph.
9:40 of 3rd period - Stopped by Kaapo Kahkonen with a rebound.
10:14 of 3rd period - Ethan Bear is hit by Kevin Fiala.
10:39 of 3rd period - Slapshot by Artturi Lehkonen.
10:39 of 3rd period - Stopped by Kaapo Kahkonen without a rebound.
10:40 of 3rd period - Dylan Strome wins face-off versus Jack Roslovic in Crunch zone.
10:40 of 3rd period - Dylan Strome is hit by Brendan Lemieux.
12:12 of 3rd period - Snap shot by Mitch Callahan.
12:12 of 3rd period - Stopped by Elvis Merzlikins without a rebound.
12:13 of 3rd period - Dylan Strome wins face-off versus Jack Roslovic in Rampage zone.
12:16 of 3rd period - Slapshot by William Nylander.
12:16 of 3rd period - Shot Misses the Net.
13:13 of 3rd period - Minor Penalty to Dalton Smith for Holding.
13:14 of 3rd period - Jack Roslovic wins face-off versus Christoffer Ehn in Crunch zone.
13:20 of 3rd period - Snap shot by Tony DeAngelo.
13:20 of 3rd period - Shot Misses the Net.
13:22 of 3rd period - Slapshot by Tony DeAngelo.
13:22 of 3rd period - Shot Misses the Net.
13:24 of 3rd period - Slapshot by Tony DeAngelo.
13:24 of 3rd period - Goal by Tony DeAngelo - Rampage : 2 - Crunch : 3.
13:25 of 3rd period - Brendan Lemieux wins face-off versus Dylan Strome in neutral zone.
13:55 of 3rd period - Slapshot by Jordan Greenway.
13:55 of 3rd period - Stopped by Kaapo Kahkonen without a rebound.
13:56 of 3rd period - Jean-Sebastien Dea wins face-off versus Christoffer Ehn in Crunch zone.
14:01 of 3rd period - Snap shot by Ethan Bear.
14:01 of 3rd period - Stopped by Kaapo Kahkonen without a rebound.
14:02 of 3rd period - Dylan Strome wins face-off versus Timo Meier in Crunch zone.
16:02 of 3rd period - Tony DeAngelo is hit by Kevin Fiala and loses puck.
16:37 of 3rd period - Jacob Larsson is hit by T.J. Tynan and loses puck.
17:20 of 3rd period - Wrist shot by William Nylander.
17:20 of 3rd period - Stopped by Elvis Merzlikins without a rebound.
17:21 of 3rd period - Dylan Strome wins face-off versus Dylan Gambrell in Rampage zone.
17:47 of 3rd period - Snap shot by Artturi Lehkonen.
17:47 of 3rd period - Stopped by Kaapo Kahkonen without a rebound.
17:48 of 3rd period - Connor Bunnaman wins face-off versus Jean-Sebastien Dea in Crunch zone.
17:59 of 3rd period - Slapshot by Kevin Fiala.
17:59 of 3rd period - Stopped by Elvis Merzlikins with a rebound.
19:06 of 3rd period - Icing by Ethan Bear.
19:07 of 3rd period - Christoffer Ehn wins face-off versus Jack Roslovic in Rampage zone.
19:10 of 3rd period - Snap shot by Brock Boeser.
19:10 of 3rd period - Stopped by Elvis Merzlikins without a rebound.
19:11 of 3rd period - Teemu Selanne call a timeout for Rampage.
19:11 of 3rd period - Jack Roslovic wins face-off versus Brock Boeser in Rampage zone.
19:34 of 3rd period - Rampage, Elvis Merzlikins is pulled from the net.
19:50 of 3rd period - Snap shot by Brock Boeser.
19:50 of 3rd period - Shot Misses the Net.
Goals for this period are 1 for Rampage vs 0 for Crunch.
Shots for this period are 20 for Rampage vs 4 for Crunch.
Output by the SimonT Hockey Simulator (STHS) for Francois Prevost